Map: Dusk Towers

Players

SubZero - Winner!

  • Race: Protoss Protoss
  • League: Gold

EatsRainbows

  • Race: Protoss Protoss
  • League: Gold

VOD

Have the link to the VOD?

Description

Time

  • Played on: May 4, 2016, 9:10 p.m.
  • Length: 5:33
Show
View Real Time Build Order
Export as new Build Order

SubZero Protoss - Winner!

Build Orders:  

Get SALT Encoding   

  12  0:01  Probe (Chrono Boost)  
  14  0:14  Probe (Chrono Boost)  
  14  0:24  Pylon  
  14  0:25  Probe (Chrono Boost)  
  15  0:42  Probe (Chrono Boost)  
  16  0:53  Probe (Chrono Boost)  
  16  0:55  Gateway  
  17  0:58  Gateway  
  17  1:03  Probe (Chrono Boost)  
  18  1:11  Assimilator  
  18  1:14  Probe (Chrono Boost)  
  19  1:24  Probe (Chrono Boost)  
  20  1:32  Pylon  
  20  1:38  Probe (Chrono Boost)  
  20  1:39  Assimilator  
  21  1:43  Cybernetics Core  
  21  1:49  Probe (Chrono Boost)  
  22  2:03  Pylon  
  22  2:08  Probe (Chrono Boost)  
  23  2:18  Probe (Chrono Boost)  
  23  2:19  Warp Gate (Chrono Boost)  
  23  2:22  Adept  
  26  2:30  Mothership Core  
  26  2:34  Gateway  
  26  2:36  Gateway  
  28  2:41  Adept  
  30  3:01  Adept  
  32  3:11  Pylon  
  32  3:21  Adept x2  
  36  3:47  Twilight Council  
  36  4:03  Pylon  
  32  4:39  Stalker x4  
  38  4:55  Pylon  
  34  5:08  Stalker  
  34  5:09  Stalker x3  
  42  5:23  Pylon  
Show
View Real Time Build Order
Export as new Build Order

EatsRainbows Protoss 

Build Orders: 1 Gate Expand 

Get SALT Encoding   

  12  0:02  Probe (Chrono Boost)  
  13  0:13  Probe (Chrono Boost)  
  14  0:19  Pylon  
  14  0:27  Probe (Chrono Boost)  
  15  0:38  Probe (Chrono Boost)  
  15  0:42  Gateway  
  16  0:49  Probe (Chrono Boost)  
  17  0:53  Assimilator  
  17  0:55  Assimilator  
  17  1:07  Probe (Chrono Boost)  
  18  1:22  Nexus  
  18  1:27  Probe (Chrono Boost)  
  19  1:37  Probe (Chrono Boost)  
  20  1:46  Assimilator  
  20  1:48  Probe (Chrono Boost)  
  21  1:57  Cybernetics Core  
  21  1:58  Probe (Chrono Boost)  
  22  2:07  Pylon  
  22  2:09  Probe (Chrono Boost)  
  23  2:24  Pylon  
  23  2:26  Probe (Chrono Boost)  
  24  2:34  Twilight Council  
  24  2:39  Warp Gate  
  24  2:42  Probe x2 (Chrono Boost)  
  26  2:49  Gateway  
  26  2:52  Probe (Chrono Boost)  
  26  2:58  Mothership Core (Chrono Boost)  
  29  3:08  Forge, Probe (Chrono Boost)  
  30  3:16  Probe (Chrono Boost)  
  31  3:23  Probe (Chrono Boost)  
  32  3:30  Probe (Chrono Boost)  
  32  3:32  Stalker  
  35  3:42  Probe x2 (Chrono Boost)  
  35  3:45  Assimilator  
  35  3:47  Assimilator  
  37  3:53  Probe x2 (Chrono Boost)  
  39  4:03  Pylon  
  39  4:04  Stalker  
  37  5:07  Mothership Core (Chrono Boost)  
  36  5:17  Pylon  
  36  5:19  Pylon  
Tags
 
Add a new tag
Caveats
  • Supply blocks, unpowered buildings, or Contaminate may cause inaccurate times.
  • Supply counts are checked every 10 seconds.